 Dungeon Crawl Stone Soup version 0.22-a0-379-ga9d99d6 (webtiles) character file.

31 sankara the Grave Robber (level 3, -3/26 HPs)
             Began as a Ghoul Necromancer on Apr 28, 2018.
             Slain by an adder (5 damage)
             ... on level 2 of the Dungeon.
             The game lasted 00:01:53 (271 turns).

sankara the Grave Robber (Ghoul Necromancer)         Turns: 271, Time: 00:01:53

Health: -3/26      AC:  2    Str: 11    XL:     3   Next: 22%
Magic:  0/5        EV: 12    Int: 11    God:
Gold:   0          SH:  0    Dex:  9    Spells: 5/6 levels left

rFire    . . .     SeeInvis .   (no weapon)
rCold    + . .     Gourm    .   (no shield)
rNeg     + + +     Faith    .   a - +0 robe
rPois    ∞         Spirit   .   (no helmet)
rElec    .         Reflect  .   (no cloak)
rCorr    .         Harm     .   (no gloves)
MR       .....                  (no boots)
Stlth    ++........             (no amulet)
HPRegen  0.00/turn              (no ring)
MPRegen  0.09/turn              (no ring)

@: very slightly contaminated, rotting
A: rotting body, claws 1, carnivore, cold resistance 1, negative energy
resistance 3, inhibited regeneration, torment resistance, unbreathing
a: no special abilities


You were on level 2 of the Dungeon.
You were not hungry.

You visited 1 branch of the dungeon, and saw 2 of its levels.

Inventory:

Hand Weapons
 d - a +0 antimagic dagger
   (You took it off a goblin on level 1 of the Dungeon)
 f - a +0 hunting sling
   (You took it off a hobgoblin on level 1 of the Dungeon)
Armour
 a - a +0 robe (worn)
Scrolls
 h - a scroll of identify {unknown}
Potions
 g - a potion of flight {unknown}
Comestibles
 b - 4 chunks of flesh {@w0}
 c - a ration


   Skills:
 - Level 1.7 Dodging
 - Level 2.1 Stealth
 + Level 2.4 Spellcasting
 + Level 4.5 Necromancy


You had 5 spell levels left.
You knew the following spells:

 Your Spells              Type           Power        Failure   Level  Hunger
a - Pain                  Necr           ##..         4%          1    ##.....


Dungeon Overview and Level Annotations

Branches:
Dungeon (2/15)

Altars:


Innate Abilities, Weirdness & Mutations

Your body is rotting away.
You thrive on raw meat.
You are immune to poison.
You have sharp fingernails.
You are carnivorous and can eat meat at any time.
Your flesh is cold resistant. (rC+)
You are immune to negative energy. (rN+++)
You do not regenerate when monsters are visible.
You are immune to unholy pain and torment.
You can survive without breathing.


Message History

The goblin is severely wounded.
The goblin closely misses you.
You barely miss the goblin.
The goblin is severely wounded.
The goblin hits you but does no damage.
You scratch the goblin.
You kill the goblin!
You have reached level 2!
Things that are here:
an antimagic dagger; a goblin corpse
d - an antimagic dagger
e - a club;
f - a hunting sling;
g - a fizzy green potion
h - a scroll labeled PEDGHU YTYCA You see here a rat corpse.
You see here a rat corpse.
You butcher the rat corpse.
b - 4 chunks of flesh {@w0} (gained 1)
You see here a rat skeleton.
You see here a rat skeleton.
You see here a goblin corpse.
You butcher the goblin corpse.
b - 6 chunks of flesh {@w0} (gained 2) Eating one of 6 chunks of flesh {@w0}.
You eat one of the 6 chunks of flesh {@w0}.
This raw flesh tastes great!
Eating one of 5 chunks of flesh {@w0}.
You eat one of the 5 chunks of flesh {@w0}.
This raw flesh tastes great!
Unknown command.
You see here a rat skeleton.
There is a stone staircase leading down here.
Drop what? 8/52 slots (_ for help) (? for menu, Esc to quit)
You drop a club.
There is a stone staircase leading down here.
You climb downwards.
The adder hisses angrily.
You hear an angry hiss.
Natasha, Servant of Life and Death comes into view.
There is a stone staircase leading up here.
Casting: Pain (safe; 5% risk of failure)
Confirm with . or Enter, or press ? or * to list all spells.
Aiming: Pain (safe; 5% risk of failure)
Press: ? - help, Shift-Dir - straight line, f - Natasha
Aim: Natasha (chance to defeat MR: 60%) Natasha writhes in agony!
Natasha claws you.
Casting: Pain (safe; 5% risk of failure)
Confirm with . or Enter, or press ? or * to list all spells.
Aiming: Pain (safe; 5% risk of failure)
Press: ? - help, Shift-Dir - straight line, f/p - Natasha
Aim: Natasha (moderately wounded, chance to defeat MR: 60%) Natasha writhes in agony!
The adder barely misses you. Natasha closely misses you.
Casting: Pain (safe; 5% risk of failure)
Confirm with . or Enter, or press ? or * to list all spells.
Aiming: Pain (safe; 5% risk of failure)
Press: ? - help, Shift-Dir - straight line, f/p - Natasha
Aim: Natasha (heavily wounded, chance to defeat MR: 60%)
You miscast Pain.
You are very lightly contaminated with residual magic.
Nothing appears to happen.
The adder bites you. Natasha claws you.
Casting: Pain (safe; 5% risk of failure)
Confirm with . or Enter, or press ? or * to list all spells.
Aiming: Pain (safe; 5% risk of failure)
Press: ? - help, Shift-Dir - straight line, f/p - Natasha
Aim: Natasha (heavily wounded, chance to defeat MR: 60%) Natasha writhes in agony!
The adder closely misses you.
Natasha hisses.
Natasha closely misses you. The adder closely misses you.
Really attack barehanded? [Y]es or [N]o only, please.
Really attack barehanded? [Y]es or [N]o only, please.
Really attack barehanded? [Y]es or [N]o only, please.
Really attack barehanded? [Y]es or [N]o only, please.
Really attack barehanded?
You scratch Natasha but do no damage.
Natasha is almost dead.
The adder bites you. Natasha claws you.
You closely miss Natasha.
Natasha is almost dead.
The adder misses you. Natasha barely misses you.
You closely miss Natasha.
Natasha is almost dead.
The adder barely misses you. Natasha claws you.
* * * LOW HITPOINT WARNING * * *
You scratch Natasha.
You kill Natasha!
Natasha yowls pathetically as she dies!
You have reached level 3!
Your experience leads to an increase in your attributes!
Increase (S)trength, (I)ntelligence, or (D)exterity?
You feel clever. The adder bites you.
* * * LOW HITPOINT WARNING * * *
The adder closely misses you.
You scratch the adder.
The adder is moderately wounded.
The adder bites you.
You die...

#.######
#.....@#
#....S†#
.........
.#......##
#......#
#......#
######.#
#.#


You could see an adder.

Vanquished Creatures
  Natasha (D:2)
  A goblin (D:1)
  2 hobgoblins (D:1)
  A kobold (D:1)
  3 rats (D:1)
8 creatures vanquished.

Notes
Turn   | Place    | Note
-------+----------+-------------------------------------------
     0 | D:1      | sankara the Ghoul Necromancer began the quest for the Orb.
     0 | D:1      | Reached XP level 1. HP: 14/14 MP: 2/2
   230 | D:1      | Reached skill level 2 in Spellcasting
   237 | D:1      | Reached XP level 2. HP: 14/20 MP: 2/4
   263 | D:2      | Noticed Natasha
   269 | D:2      | HP: 4/20 [Natasha (3)]
   270 | D:2      | Killed Natasha
   270 | D:2      | Reached XP level 3. HP: 5/26 MP: 0/5
   271 | D:2      | Slain by an adder

Vault maps used:
D:1:      lightli_arrival_flooded_house
D:2:      doesnt_xom_only_xom, elyvilon_altar_3, kennysheep_generic_room_14,
          uniq_robin, uniq_natasha

Skill      XL: |  1 |
---------------+----+-----
Spellcasting   | 2 |  2.4
Dodging        | |  1.7
Stealth        | |  2.1
Necromancy     | |  4.5

Action                   || total
-------------------------++-------
Melee: Unarmed           ||    21
 Cast: Pain              ||    11
  Eat: Chunk             ||     4
Armor: Robe              ||     2
Dodge: Dodged            ||    17

Table legend:
 A = Spawn XP
 B = Non-spawn XP
 C = Spawn XP percentage of total XP
 D = Spawn monster count
 E = Non-spawn monster count
 F = Spawn count percentage of total count
 G = Total turns spent on level
                    A         B        C        D         E        F      G
               +---------+---------+-------+---------+---------+-------+---------
         Total |       0 |      45 |   0.0 |       0 |       8 |   0.0 |   271
               +---------+---------+-------+---------+---------+-------+---------
           D:1 |       0 |      10 |   0.0 |       0 |       7 |   0.0 |   260
           D:2 |       0 |      35 |   0.0 |       0 |       1 |   0.0 |    11
               +---------+---------+-------+---------+---------+-------+---------

Vault maps used:
D:1:      lightli_arrival_flooded_house
D:2:      doesnt_xom_only_xom, elyvilon_altar_3, kennysheep_generic_room_14,
          uniq_robin, uniq_natasha

Table legend:
 A = Turns spent in this place as a percentage of turns spent in the entire game.
 B = Non-inter-level travel turns spent in this place as a percentage of non-inter-level travel turns spent in the entire game.
 C = Inter-level travel turns spent in this place as a percentage of turns spent in this place.
 D = Turns resting spent in this place as a percentage of non-inter-level travel turns spent in this place.
 E = Turns spent auto-exploring this place as a percentage of non-inter-level travel turns spent in this place.
 F = Non-inter-level travel turns spent in this place divided by the number of levels of this place that you've seen.
                   A       B       C       D       E      F
               +-------+-------+-------+-------+-------+----------------------
         Total | 100.0 | 100.0 |   0.0 |  34.3 |  21.4 | 135.5
       Dungeon | 100.0 | 100.0 |   0.0 |  34.3 |  21.4 | 135.5
               +-------+-------+-------+-------+-------+----------------------

Table legend:
 A = Kills in this place as a percentage of kills in entire the game.
 B = Kills by you in this place as a percentage of kills by you in the entire game.
 C = Kills by friends in this place as a percentage of kills by friends in the entire game.
 D = Other kills in this place as a percentage of other kills in the entire game.
 E = Experience gained in this place as a percentage of experience gained in the entire game.
 F = Experience gained in this place divided by the number of levels of this place that you have seen.
                   A       B       C       D       E      F
               +-------+-------+-------+-------+-------+----------------------
         Total | 100.0 | 100.0 |   N/A |   N/A | 100.0 |  22.5
       Dungeon | 100.0 | 100.0 |   N/A |   N/A | 100.0 |  22.5
               +-------+-------+-------+-------+-------+----------------------
